 Dungeon Crawl Stone Soup version 0.22.0-49-gab54619 (webtiles) character file.

186 Fang the Skirmisher (level 5, -3/51 HPs)
             Began as a Gargoyle Berserker on Sept 5, 2018.
             Was a Believer of Trog.
             Slain by an ogre
             ... wielding a +0 giant club
              (19 damage)
             ... on level 4 of the Dungeon.
             The game lasted 00:02:49 (2187 turns).

Fang the Skirmisher (Gargoyle Berserker)            Turns: 2187, Time: 00:02:49

Health: -3/51      AC:  7    Str: 26    XL:     5   Next: 65%
Magic:  5/5        EV: 12    Int: 10    God:    Trog [**....]
Gold:   118        SH:  0    Dex:  9    Spells: 4/4 levels left

rFire    . . .     SeeInvis .   a - +0 hand axe
rCold    . . .     Gourm    .   (no shield)
rNeg     + . .     Faith    .   m - +1 animal skin
rPois    ∞         Spirit   .   (no helmet)
rElec    +         Reflect  .   (no cloak)
rCorr    .         Harm     .   (no gloves)
MR       .....                  (no boots)
Stlth    ..........             (no amulet)
HPRegen  0.17/turn              l - +2 ring of intelligence
MPRegen  0.09/turn              (no ring)

@: berserking, very quick
A: negative energy resistance 1, electricity resistance, unbreathing,
petrification resistance, rot immunity, AC +4
a: Berserk, Trog's Hand, Renounce Religion


You were on level 4 of the Dungeon.
You worshipped Trog.
Trog was pleased with you.
You were very hungry.

You visited 1 branch of the dungeon, and saw 3 of its levels.

You collected 118 gold pieces.

Inventory:

Hand Weapons
 a - a +0 hand axe (weapon)
Armour
 m - a +1 animal skin (worn)
Jewellery
 l - a +2 ring of intelligence (left hand)
Scrolls
 e - a scroll of magic mapping {unknown}
 h - a scroll of random uselessness {unknown}
 i - a scroll of remove curse {unknown}
 j - a scroll of noise {unknown}
 o - a scroll of teleportation {unknown}
 p - a scroll of amnesia {unknown}
 r - a scroll of enchant armour {unknown}
Potions
 b - a potion of heal wounds {unknown}
 d - a potion of invisibility {unknown}
 f - 3 potions of curing {unknown}
 g - a potion of cancellation {unknown}
 k - a potion of magic {unknown}
 n - a potion of agility {unknown}
 q - a potion of might {unknown}
Comestibles
 c - 8 rations


   Skills:
 + Level 4.3 Fighting
 + Level 4.3 Axes
 + Level 2.4 Armour
 + Level 2.4 Dodging
 + Level 0.7 Stealth


You had 4 spell levels left.
You didn't know any spells.
Your spell library was empty.

Dungeon Overview and Level Annotations

Branches:
Dungeon (2/15)

Altars:


Innate Abilities, Weirdness & Mutations

You are resistant to torment.
Your stone body is resilient. (AC +4)
You are immune to poison.
You resist negative energy. (rN+)
You are resistant to electric shocks. (rElec)
You can survive without breathing.
You are immune to petrification.
You are immune to rotting.


Message History

You are too injured to fight recklessly!
You are too injured to fight recklessly!
You are too injured to fight recklessly!
You are too injured to fight recklessly!
You are too injured to fight recklessly!
You are too injured to fight recklessly!
You are too injured to fight recklessly!
You are too injured to fight recklessly!
You are too injured to fight recklessly!
You hit the ogre.
The ogre is moderately wounded.
You slash the ogre!
The ogre is heavily wounded.
The ogre misses you.
You hit the ogre.
The ogre is severely wounded.
You hit the ogre.
The ogre is almost dead.
The ogre hits you with a giant club!!
You die...

#.....#. #.....#. #.....##
#....... #....... +.......
##+###+#.......
##########...........#'#
......O@.'...........#..
.........#...........#..
(........#<..........'..
##############...........#..
#.................##+##+###'
#.................#..#......
#.................'..'......
#.................#########.
#....##########.......... ##


You could see an ogre.

Vanquished Creatures
  A hound (D:4)
  4 worker ants (D:4)
  Robin (D:2)
  An adder (D:2)
  3 oozes (D:1)
  A dart slug (D:1)
  A leopard gecko (D:1)
  A giant cockroach (D:1)
  3 hobgoblins (D:2)
  3 bats
  4 frilled lizards
  6 goblins
  6 kobolds
  2 rats
37 creatures vanquished.

Notes
Turn   | Place    | Note
-------+----------+-------------------------------------------
     0 | D:1      | Fang the Gargoyle Berserker began the quest for the Orb.
     0 | D:1      | Reached XP level 1. HP: 14/14 MP: 1/1
   100 | D:1      | Reached XP level 2. HP: 19/19 MP: 2/2
   387 | D:1      | Reached XP level 3. HP: 23/24 MP: 3/3
   765 | D:2      | Noticed Robin
   783 | D:2      | Killed Robin
   783 | D:2      | Reached ** piety under Trog
   959 | D:2      | Reached XP level 4. HP: 29/29 MP: 4/4
  1082 | D:2      | You fall through a shaft for 2 floors!
  1533 | D:4      | Reached XP level 5. HP: 23/33 MP: 5/5
  2176 | D:4      | Noticed an ogre
  2187 | D:4      | Slain by an ogre

Skill      XL: |  1  2  3  4 |
---------------+-------------+-----
Axes           | 3 4 |  4.3
Fighting       | 4 |  4.3
Dodging        | 2 |  2.4
Armour         | |  2.4
Stealth        | |  0.7

Action                   |  1- 3 |  4- 6 || total
-------------------------+-------+-------++-------
Melee: Hand axe          |    77 |    83 ||   160
Invok: Berserk           |     1 |     2 ||     3
  Eat: Chunk             |     1 |     4 ||     5
Armor: Animal skin       |    40 |    35 ||    75
Dodge: Dodged            |    60 |    51 ||   111
